AoeStats
← 恆浪蕩

Fortress

509846713Analyzed
4v4 RM · 2d ago on Sep 28, 2026· 84m 16s· 8 players
Game mode
Random Map
Map size
Huge
Population
200
Speed
Normal
Resources
Standard
Victory
Conquest
Starting age
Dark Age
Ending age
Imperial Age
RankedLock teamsTeams togetherTeam positionsShared explorationLock speedFull tech treeHidden civsTurbo modeCheats
Victory
Defeat
🇨🇳 Maya · China
1479
+19
🇭🇰 Mongols · Hong Kong SAR China
1461
+20
🇦🇺 Britons · Australia
1423
+21
🇨🇳 Franks · China
1419
+21
🇹🇼 Teutons · Taiwan
1568
-21
🇦🇷 Saxons · Argentina
1565
-21
🇦🇷 Persians · Argentina
1545
-20
🇫🇮 Celts · Finland
1517
-19
我是你巴巴
7:00 Feudal Age
10:59 Castle Age
9:10 Horse Collar
10:05 Double-Bit Axe
12:11 Bow Saw
15:12 Wheelbarrow
29:20 Town Watch
34:11 Loom
34:53 Loom
40:23 Sanctity
43:59 Heavy Plow
45:15 Caravan
49:28 Imperial Age
47:28 Squires
46:50 Eagle Warrior
48:07 Scale Mail Armor
48:17 Forging
48:43 Hand Cart
49:19 Arson
50:47 Pikeman
51:58 Chain Mail Armor
52:18 Iron Casting
LinG寶寶
8:26 Feudal Age
9:16 Double-Bit Axe
12:47 Castle Age
13:49 Bow Saw
16:34 Wheelbarrow
19:53 Hand Cart
20:19 Fletching
22:14 Gold Mining
22:29 Stone Mining
25:45 Imperial Age
23:05 Loom
23:06 Town Watch
23:58 Bodkin Arrow
25:19 Padded Archer Armor
25:48 Elite Mangudai
27:19 Gold Shaft Mining
27:05 Husbandry
27:16 Bloodlines
27:16 Bracer
28:31 Conscription
29:33 Ballistics
29:05 Capped Ram
30:24 Drill
30:42 Leather Archer Armor
31:32 Chemistry
30:39 Thumb Ring
30:40 Siege Ram
35:37 Town Patrol
39:24 Onager
52:33 Light Cavalry
53:46 Hussar
54:37 Forging
54:32 Scale Barding Armor
56:55 Iron Casting
56:40 Chain Barding Armor
56:20 Horse Collar
62:29 Blast Furnace
76:28 Caravan
Vinkz
8:50 Feudal Age
12:24 Castle Age
10:14 Loom
10:28 Double-Bit Axe
10:31 Horse Collar
13:24 Bow Saw
14:40 Fletching
21:09 Bodkin Arrow
22:47 Gold Mining
26:16 Imperial Age
27:10 Ballistics
27:38 Bracer
28:31 Wheelbarrow
28:20 Conscription
33:24 Chemistry
55:39 Caravan
59:24 Hand Cart
60:30 Squires
61:45 Scale Mail Armor
61:56 Forging
61:48 Padded Archer Armor
62:58 Pikeman
65:04 Chain Mail Armor
66:11 Halberdier
67:25 Plate Mail Armor
68:26 Iron Casting
68:11 Leather Archer Armor
68:57 Halberdier
71:06 Elite Longbowman
73:26 Blast Furnace
73:34 Yeomen
73:54 Hoardings
80:02 Ring Archer Armor
Dd
7:47 Feudal Age
11:54 Castle Age
11:30 Double-Bit Axe
15:23 Bow Saw
17:43 Loom
18:37 Wheelbarrow
21:48 Gold Mining
25:49 Imperial Age
24:08 Hand Cart
25:34 Gold Shaft Mining
24:50 Stone Mining
24:52 Town Watch
25:17 Scale Mail Armor
25:22 Scale Barding Armor
25:30 Forging
25:59 Cavalier
28:47 Chain Barding Armor
29:02 Iron Casting
30:08 Conscription
30:42 Husbandry
31:34 Paladin
33:26 Plate Barding Armor
33:51 Blast Furnace
35:48 Scale Mail Armor
35:38 Fletching
36:11 Elite Throwing Axeman
36:57 Light Cavalry
52:14 Chain Mail Armor
54:08 Pikeman
54:50 Squires
60:31 Plate Mail Armor
60:09 Halberdier
69:58 Arson
77:32 Caravan
Mizii
5:38 Loom
8:05 Feudal Age
9:17 Horse Collar
12:35 Castle Age
10:25 Double-Bit Axe
10:59 Gold Mining
13:37 Bow Saw
21:46 Heavy Plow
26:35 Imperial Age
25:09 Wheelbarrow
30:17 Chemistry
29:06 Heavy Scorpion
31:00 Ballistics
33:01 Siege Engineers
33:18 Hand Cart
35:02 Furor Celtica
35:22 Capped Ram
36:43 Fortified Wall
36:44 Masonry
36:33 Town Watch
37:24 Siege Ram
39:56 Onager
42:17 Siege Onager
44:11 Fletching
44:18 Murder Holes
47:15 Gold Shaft Mining
52:00 Scale Mail Armor
52:11 Forging
默默默默默
7:20 Feudal Age
11:15 Castle Age
9:53 Double-Bit Axe
9:54 Horse Collar
12:42 Bow Saw
13:19 Heavy Plow
16:16 Wheelbarrow
17:57 Hand Cart
19:43 Loom
21:00 Scale Mail Armor
23:07 Gold Mining
25:21 Chain Mail Armor
25:16 Forging
28:26 Imperial Age
26:27 Fletching
27:35 Iron Casting
26:55 Town Watch
28:08 Gold Shaft Mining
28:08 Squires
27:53 Arson
28:34 Capped Ram
28:37 Elite Varangian Guard
29:56 Conscription
29:34 Shield Wall
30:50 Plate Mail Armor
34:13 Elite Hearth Troop
35:30 Hoardings
34:50 Siege Ram
36:57 Bodkin Arrow
37:21 Pikeman
38:37 Pikeman
39:31 Halberdier
40:52 Coinage
42:52 Banking
42:38 Heavy Scorpion
44:15 Siege Engineers
43:51 Treadmill Crane
[TOX2] A-c-Syno-666
7:02 Feudal Age
10:33 Castle Age
8:50 Double-Bit Axe
9:09 Horse Collar
11:40 Bow Saw
12:40 Heavy Plow
12:37 Loom
14:22 Bloodlines
16:41 Bloodlines
17:45 Scale Barding Armor
24:30 Husbandry
24:03 Light Cavalry
26:23 Chain Barding Armor
27:41 Forging
30:03 Wheelbarrow
30:30 Iron Casting
43:01 Town Watch
46:36 Hand Cart
48:35 Gold Mining
51:53 Imperial Age
51:33 Cavalier
52:55 Conscription
53:31 Savar
55:43 Plate Barding Armor
56:09 Blast Furnace
60:29 Caravan
65:06 Crop Rotation
65:24 Pikeman
66:23 Hussar
68:19 Fletching
72:22 Two-Man Saw
恆浪蕩
8:05 Feudal Age
11:42 Castle Age
10:20 Double-Bit Axe
10:20 Horse Collar
13:10 Bow Saw
13:28 Heavy Plow
18:30 Wheelbarrow
19:06 Loom
20:02 Scale Barding Armor
20:49 Bloodlines
20:51 Forging
22:11 Hand Cart
25:56 Imperial Age
25:00 Chain Barding Armor
25:15 Iron Casting
25:26 Town Watch
25:59 Cavalier
27:15 Plate Barding Armor
28:11 Blast Furnace
27:25 Paladin
28:27 Fortified Wall
30:15 Conscription
31:08 Squires
32:50 Crop Rotation
33:21 Two-Man Saw
32:15 Gold Mining
32:15 Stone Mining
32:22 Stone Mining
32:56 Crenellations
32:18 Pikeman
32:59 Scale Mail Armor
32:50 Fletching
34:08 Ironclad
34:08 Halberdier
36:03 Chain Mail Armor
35:44 Bodkin Arrow
36:10 Ballistics
36:50 Chemistry
36:02 Caravan
38:55 Plate Mail Armor
39:08 Hoardings
38:40 Heavy Scorpion
39:31 Heavy Scorpion
42:53 Town Patrol
43:46 Stone Shaft Mining
44:53 Masonry
46:10 Hoardings
45:46 Siege Engineers
45:02 Capped Ram
49:25 Devotion
58:05 Arson
58:42 Bombard Tower
60:55 Guard Tower
60:51 Arrowslits
Connection lost

Rejoining the realm…

Still unreachable

The connection could not be restored.

Session expired

The server has moved on; the page needs a fresh start.